 Dungeon Crawl Stone Soup version 0.23.2-40-g277498a001 (webtiles) character file.

Game seed: 4084346758036236445

1516 Exodus22XD the Infuser (level 8, -1/41 HPs)
             Began as a Deep Elf Wizard on Sept 20, 2019.
             Was a Follower of Vehumet.
             Slain by a killer bee (8 damage)
             ... on level 7 of the Dungeon.
             The game lasted 00:24:03 (6552 turns).

Exodus22XD the Infuser (Deep Elf Wizard)            Turns: 6552, Time: 00:24:04

Health: -1/41      AC:  4    Str:  7    XL:     8   Next: 53%
Magic:  14/22      EV: 13    Int: 26    God:    Vehumet [*.....]
Gold:   435        SH:  0    Dex: 13    Spells: 5/23 levels left

rFire    . . .     SeeInvis .   B - staff of cold
rCold    + . .     Gourm    .   (no shield)
rNeg     . . .     Faith    .   a - +0 robe
rPois    .         Spirit   .   b - +0 hat
rElec    .         Reflect  .   q - +0 cloak
rCorr    .         Harm     .   p - +0 pair of gloves
MR       .....                  (no boots)
Stlth    ++........             (no amulet)
HPRegen  0.13/turn              y - +3 ring of strength
MPRegen  0.18/turn              m - ring of wizardry

@: lethally poisoned (-1 -> -22), very slightly contaminated, invisible
A: no striking features
a: Renounce Religion


You were on level 7 of the Dungeon.
You worshipped Vehumet.
Vehumet was aware of your devotion.
You were very hungry.

You visited 1 branch of the dungeon, and saw 7 of its levels.
You also visited: Sewer.

You collected 435 gold pieces.

Inventory:

Hand Weapons
 f - a +0 short sword
 r - a +4 quarterstaff of chaos
 A - a +2 dagger of venom
Armour
 a - a +0 robe (worn)
 b - a +0 hat (worn)
 p - a +0 pair of gloves (worn)
 q - a +0 cloak (worn)
Magical Staves
 B - an uncursed staff of cold (weapon)
Jewellery
 m - a ring of wizardry (right hand)
 w - an uncursed ring of stealth
 y - a +3 ring of strength (left hand)
 D - an uncursed ring of fire
Wands
 C - a wand of disintegration (14)
 E - a wand of digging (3)
Scrolls
 e - a scroll of teleportation
 g - a scroll of enchant weapon
 h - a scroll of enchant armour
 k - 2 scrolls of blinking
 l - a scroll of fear {unknown}
 o - 4 scrolls of remove curse
 u - a scroll of fog {unknown}
 v - a scroll of amnesia {unknown}
 G - 2 scrolls of identify
 H - a scroll of magic mapping {unknown}
 I - a scroll of noise {unknown}
Potions
 c - a potion of might
 i - a potion of cancellation
 j - a potion of haste {unknown}
 s - 4 potions of flight
 t - a potion of mutation {unknown}
 x - 2 potions of curing {unknown}
Comestibles
 d - 20 rations


   Skills:
 - Level 0.3 Short Blades
 - Level 2.4 Dodging
 - Level 2.4 Stealth
 - Level 8.3 Spellcasting
 - Level 4.3 Conjurations
 - Level 9.1 Charms
 - Level 3.3 Summonings
 - Level 1.1 Translocations
 * Level 4.3 Ice Magic


You had 5 spell levels left.
You knew the following spells:

 Your Spells              Type           Power        Failure   Level  Hunger
a - Magic Dart            Conj           ####         1%          1    None
b - Call Imp              Summ           ####....     1%          2    None
c - Blink                 Tloc           N/A          2%          2    None
d - Conjure Flame         Conj/Fire      ###.....     2%          3    None
e - Mephitic Cloud        Conj/Pois/Air  ###.....     3%          3    None
f - Deflect Missiles      Chrm/Air       ####......   43%         6    ######.
g - Freeze                Ice            ####         1%          1    None

Your spell library contained the following spells:

 Spells                   Type           Power        Failure   Level  Hunger
 Summon Small Mammal      Summ           ####         1%          1    None
 Recall                   Summ/Tloc      N/A          2%          3    None
 Slow                     Hex            ##......     3%          2    None


Dungeon Overview and Level Annotations

Branches:
Dungeon (7/15)
 Temple: D:4-7

Altars:
Ashenzari
Elyvilon
Hepliaklqana
Trog
Uskayaw
Vehumet
The Shining One

Shops:
D:5 *


Message History

The killer bee misses you.
The killer bee stings you but does no damage.
You are very lightly contaminated with residual magic.
* * * LOW HITPOINT WARNING * * *
You feel sick.
An adder zombie comes into view.
The killer bee stings you.
* * * LOW HITPOINT WARNING * * *
You are more poisoned.
The killer bee poisons you!
Casting: Mephitic Cloud (safe; 3% risk of failure)
Confirm with . or Enter, or press ? or * to list all spells.
You blink.
The killer bee buzzes angrily.
A gnoll comes into view. It is wielding a +0 club.
* * * LOW HITPOINT WARNING * * *
You feel sick.
You hear an angry buzzing noise.
The killer bee stings you!
You die...

#.#####.# #. ##.## #.##
#.... #..###(...
#####........
#.....####..# #. #
#.###.####..#
#y..#.######.###...##.#.
g.g.Z.y@...#.##....##..#
#.....†.y§......_......#
#...####.##.##....##.#.#
#.. #.##.##...###.#.# #
#....####.# #.. #..#.#
#... #.. #..#.. ..###
#.. #Z.### ..#.....#
#..# ##.^.##


You could see 3 killer bees, 2 gnolls, an adder zombie (wandering) and a howler
monkey skeleton.

Vanquished Creatures
  2 black bears (D:6)
  A sky beast (D:5)
  3 centaurs
  A crocodile (Sewer)
  A big kobold (D:6)
  A scorpion (D:4)
  A crimson imp (D:4)
  A quasit (D:5)
  3 hounds
  Crazy Yiuf (D:2)
  A centaur skeleton (D:4)
  2 orc wizards
  Terence (D:2)
  6 worker ants
  A worker ant zombie (D:4)
  8 gnolls
  A howler monkey skeleton (D:6)
  11 adders
  An ooze (D:1)
  4 adder skeletons
  3 worms (D:3)
  4 dart slugs
  4 leopard geckos
  12 orcs
  4 bats
  A giant cockroach (D:3)
  8 goblins
  10 hobgoblins
  24 jackals
  3 quokkas
  A ball python (D:1)
  6 frilled lizards
  A goblin skeleton (D:4)
  2 goblin zombies (D:4)
  11 kobolds
  4 kobold skeletons (D:4)
  A kobold zombie (D:4)
  A leopard gecko skeleton (D:2)
  A leopard gecko zombie (D:5)
  An orc skeleton (D:4)
  An orc zombie (D:4)
  4 rats
158 creatures vanquished.

Notes
Turn   | Place    | Note
-------+----------+-------------------------------------------
     0 | D:1      | Exodus22XD the Deep Elf Wizard began the quest for the Orb.
     0 | D:1      | Reached XP level 1. HP: 10/10 MP: 7/7
   237 | D:1      | Reached XP level 2. HP: 15/15 MP: 6/9
   834 | D:2      | Reached XP level 3. HP: 15/19 MP: 6/10
  1146 | D:2      | Found a hide-covered altar of Uskayaw.
  1161 | D:2      | Noticed Terence
  1182 | D:2      | Found a runed translucent door.
  1183 | D:2      | Noticed Crazy Yiuf
  1205 | D:2      | Reached XP level 4. HP: 9/24 MP: 0/12
  1209 | D:2      | Learned a level 2 spell: Call Imp
  1212 | D:2      | Learned a level 2 spell: Blink
  1216 | D:2      | Learned a level 3 spell: Conjure Flame
  1220 | D:2      | Learned a level 3 spell: Mephitic Cloud
  1536 | D:2      | Killed Terence
  1937 | D:2      | Killed Crazy Yiuf
  1937 | D:2      | Reached XP level 5. HP: 28/28 MP: 5/13
  2066 | D:3      | Found a glowing drain.
  2068 | Sewer    | Entered a sewer
  2163 | Sewer    | Noticed a crocodile
  2174 | Sewer    | Killed a crocodile
  2174 | Sewer    | Reached skill level 5 in Spellcasting
  2278 | Sewer    | Identified the Incunabulum of Boosting Companions
  2666 | D:3      | Reached XP level 6. HP: 32/32 MP: 7/17
  2848 | D:3      | Learned a level 6 spell: Deflect Missiles
  3117 | D:3      | Reached skill level 3 in Charms
  3455 | D:4      | Reached skill level 4 in Charms
  3536 | D:4      | Found a hazy altar of Hepliaklqana.
  3542 | D:4      | Reached skill level 5 in Charms
  3543 | D:4      | Reached XP level 7. HP: 30/36 MP: 8/18
  3681 | D:4      | Reached skill level 6 in Charms
  3813 | D:4      | Reached skill level 7 in Charms
  3923 | D:4      | Found a glowing golden altar of the Shining One.
  4192 | D:4      | Found a radiant altar of Vehumet.
  4198 | D:4      | Became a worshipper of Vehumet
  4277 | D:4      | Reached skill level 8 in Charms
  4728 | D:5      | Entered Level 5 of the Dungeon
  4803 | D:5      | Found Tysiph's General Store.
  5047 | D:5      | Found a white marble altar of Elyvilon.
  5066 | D:5      | Reached skill level 9 in Charms
  5376 | D:5      | Reached XP level 8. HP: 41/41 MP: 14/20
  5457 | D:5      | Reached * piety under Vehumet
  5457 | D:5      | Offered knowledge of Freeze by Vehumet.
  5460 | D:5      | Learned a level 1 spell: Freeze
  5969 | D:6      | Found a bloodstained altar of Trog.
  6525 | D:7      | Found a shattered altar of Ashenzari.
  6552 | D:7      | Slain by a killer bee

Skill      XL: |  1  2  3  4  5  6  7  8 |
---------------+-------------------------+-----
Conjurations   | 2 3 4 |  4.3
Summonings     | 3 |  3.3
Spellcasting   | 6 7 8 |  8.3
Charms         | 5 9 |  9.1
Ice Magic      | 4 |  4.3
Short Blades   | |  0.3
Dodging        | |  2.4
Stealth        | |  2.4
Translocations | |  1.1

Action                   |  1- 3 |  4- 6 |  7- 9 || total
-------------------------+-------+-------+-------++-------
Melee: Short sword       |    33 |       |       ||    33
       Staff             |       |       |    18 ||    18
       Quarterstaff      |       |       |     8 ||     8
       Dagger            |       |       |     2 ||     2
 Cast: Magic Dart        |    70 |   156 |   217 ||   443
       Mephitic Cloud    |       |     6 |     6 ||    12
       Conjure Flame     |       |     3 |    12 ||    15
       Call Imp          |       |     2 |       ||     2
       Blink             |       |     2 |     1 ||     3
       Freeze            |       |       |     8 ||     8
  Use: Scroll            |       |     5 |     7 ||    12
       Potion            |       |       |     3 ||     3
 Stab: Paralysed         |       |       |     1 ||     1
  Eat: Chunk             |     1 |     7 |     8 ||    16
Armor: Robe              |     5 |    10 |    15 ||    30
Dodge: Dodged            |    42 |    39 |    38 ||   119
